 Dungeon Crawl Stone Soup version 0.31.0-11-ge490571c62 (webtiles) character file.

Game seed: 5170521000418300290

15414 qw the Skirmisher (level 12, -17/76 HPs)
             Began as a Deep Elf Hunter on Feb 3, 2024.
             Was a Priest of Okawaru.
             Killed from afar by a bog body (57 damage)
             ... with a bolt of cold
             ... on level 2 of the Lair of Beasts.
             The game lasted 00:02:46 (9602 turns).

qw the Skirmisher (Deep Elf Hunter)                 Turns: 9602, Time: 00:02:47

Health: -17/76     AC: 14    Str: 13    XL:     12   Next: 1%
Magic:  8/8        EV: 20    Int: 16    God:    Okawaru [***...]
Gold:   641        SH:  0    Dex: 22    Spells: 11/11 levels left

rFire   + . .        a - +1 shortbow (drain)
rCold   x . .        (shield currently unavailable)
rNeg    . . .        k - +4 ring mail
rPois   +            n - +0 helmet
rElec   .            m - +0 cloak
rCorr   +            c - +1 pair of gloves
SInv    .            (no boots)
Will    +++..        f - amulet of faith
Stlth   ++           t - ring "Ceawnuyr" {Will++ rCorr Str+2}
HPRegen 0.32/turn    p - ring of Moshram {Fire rPois MP-9 Str+3}
MPRegen 0.11/turn

%: faith
@: no status effects
A: no striking features
a: Renounce Religion, Heroism


You were on level 2 of the Lair of Beasts.
You worshipped Okawaru.
Okawaru was most pleased with you.
You visited 3 branches of the dungeon, and saw 13 of its levels.

You collected 1005 gold pieces.
You spent 364 gold pieces at shops.


   Skills:
 - Level 9.0 Fighting
 - Level 14.0 Ranged Weapons
 - Level 5.0 Armour
 + Level 13.4 Dodging
 - Level 1.2 Stealth
 - Level 4.1 Invocations


You had 11 spell levels left.
You didn't know any spells.
Your spell library was empty.

Inventory:

Hand Weapons
 a - a +1 shortbow of draining (weapon)
Armour
 c - a +1 pair of gloves (worn)
 k - a +4 ring mail (worn)
 m - a +0 cloak (worn)
 n - a +0 helmet (worn)
Jewellery
 f - an amulet of faith (around neck)
 i - an amulet of reflection
 p - the ring of Moshram (right hand) {Fire rPois MP-9 Str+3}
   (You found it on level 8 of the Dungeon)

   [ring of fire]

   Fire:      It enhances your fire magic.
   Str+3:     It affects your strength (+3).
   rF+:       It protects you from fire.
   rC-:       It makes you vulnerable to cold.
   rPois:     It protects you from poison MP-9: It affects your magic capacity
   (-9).
 s - a +6 ring of strength
 t - the ring "Ceawnuyr" (left hand) {Will++ rCorr Str+2}
   (You took it off a wight on level 8 of the Dungeon)

   [ring of resist corrosion]

   Str+2:     It affects your strength (+2).
   Will++:    It greatly increases your willpower.
   rCorr:     It protects you from acid and corrosion.
 Y - a +4 ring of slaying {mikee}
Wands
 e - a wand of acid (4)
 l - a wand of roots (5)
 q - a wand of polymorph (10)
 r - a wand of mindburst (6)
 u - a wand of paralysis (3)
Scrolls
 o - 6 scrolls of teleportation
 w - a scroll of identify
Potions
 b - 2 potions of enlightenment
 d - 2 potions of heal wounds
 g - a potion of cancellation
 h - 7 potions of curing
 j - 3 potions of mutation
 v - 2 potions of attraction {unknown}
 x - a potion of haste

Dungeon Overview and Level Annotations

Branches:
Dungeon (10/15)            Temple (1/1) D:6            Lair (2/5) D:10
  Swamp: Lair:2-3    Shoals: Lair:2-3     Snake: Lair:2-3    Spider: Lair:2-3
    Orc: D:9-12

Altars:
Ashenzari
Cheibriados
Dithmenos
Elyvilon
Fedhas
Gozag
Hepliaklqana
Kikubaaqudgha
Makhleb
Nemelex Xobeh
Okawaru
Qazlal
Ru
Sif Muna
Trog
Uskayaw
Vehumet
Wu Jian
Xom
Yredelemnul
Zin

Shops:
D:2 =   D:6 *   D:9 [!:[


Message History

The arrow barely misses the water moccasin.
The water moccasin bites you but does no damage.
You shoot an arrow. The arrow misses the water moccasin.
The water moccasin bites you but does no damage.
The water moccasin misses you.
You shoot an arrow.
The arrow hits the water moccasin but does no damage.
You drain the water moccasin.
The water moccasin is heavily wounded.
The water moccasin bites you.
You shoot an arrow. The arrow hits the water moccasin!
You drain the water moccasin.
The water moccasin is almost dead.
The water moccasin closely misses you.
You shoot an arrow.
The arrow barely misses the water moccasin.
The water moccasin misses you.
You shoot an arrow. The arrow hits the water moccasin!
You kill the water moccasin!
Okawaru accepts your kill.
You start resting.
HP restored.
You see here a water moccasin corpse.
A bog body comes into view.
You shoot an arrow. The arrow closely misses the bog body.
You shoot an arrow. The arrow hits the bog body!
The bog body is moderately damaged.
The bog body points at you and mumbles some strange words.
The bolt of cold misses you.
You shoot an arrow. The arrow hits the bog body.
The bog body is heavily damaged.
You shoot an arrow. The arrow hits the bog body!
The bog body is almost destroyed.
The bog body points at you and mumbles some strange words.
The bolt of cold hits you!!!
You feel a terrible chill!
You shoot an arrow. The arrow barely misses the bog body.
The bog body gestures at you while chanting.
The bolt of cold hits you!!!
You feel a terrible chill!
Ouch! That really hurt!
You die...

###.#.P....P...
########.##..........
###...P.#.#.#%........
#.....................
#....................
#....................
#....................
#....................
#............@}}.....
#............7..7....
#............7..7....
#.#.........77.n7
#.###.......7 ..~
#.####..7 ..~7 ###
##.7 .7~7 7.7 ..~7


777 You could see a bog body.

Vanquished Creatures
  A hydra (Lair:2)
  Amaemon (D:8)
  Lodul (D:10)
  An oklob plant (D:10)
  An orc sorcerer (D:9)
  A gargoyle (D:10)
  An orange demon (D:8)
  3 cane toads (Lair:1)
  A polar bear (Lair:1)
  A hornet (Lair:2)
  8 blink frogs
  19 yaks
  2 steam dragons
  2 acid dragons (D:10)
  13 water moccasins
  5 ice beasts
  2 orc warriors
  A sky beast (D:6)
  A hornet zombie (D:7)
  11 ogres
  A centaur (D:6)
  2 phantoms
  A kobold brigand (D:10)
  4 bullfrogs
  A necrophage (D:7)
  A wyvern zombie (D:7)
  2 gnoll sergeants (D:10)
  3 scorpions
  9 wights
  14 killer bees
  2 howler monkeys
  4 bombardier beetles
  A centaur zombie (D:7)
  A bullfrog zombie (D:7)
  2 hounds
  A human zombie (D:7)
  7 jellies
  2 orc priests
  2 gnoll boudas
  2 sleepcaps
  2 iguanas
  4 orc wizards
  A killer bee zombie (D:7)
  A howler monkey zombie (D:7)
  Robin (D:4)
  17 gnolls
  5 adders
  2 shadow imps
  A dart slug (D:1)
  2 ribbon worms
  17 orcs
  An endoplasm (D:1)
  7 giant cockroaches
  14 goblins
  6 hobgoblins
  3 jackals (D:1)
  12 kobolds
  3 quokkas
  3 ball pythons (D:1)
  4 bats
  24 rats
268 creatures vanquished.

Notes
Turn   | Place    | Note
-------+----------+-------------------------------------------
     0 | D:1      | qw the Deep Elf Hunter began the quest for the Orb.
     0 | D:1      | Reached XP level 1. HP: 12/12 MP: 3/3
     0 | D:1      | 0 ||| qw: Version: 0.3-a-155-g5e7d8dd
     0 | D:1      | 0 ||| qw: Game counter: 3307
     0 | D:1      | 0 ||| qw: Melee chars always use a shield: true
     0 | D:1      | 0 ||| qw: God list: Okawaru
     0 | D:1      | 0 ||| qw: Allow faded altars: false
     0 | D:1      | 0 ||| qw: Do Orc after clearing Dungeon:15 true
     0 | D:1      | 0 ||| qw: Do second Lair branch before Depths: true
     0 | D:1      | 0 ||| qw: Lair rune preference: random
     0 | D:1      | 0 ||| qw: Goals: Normal
     0 | D:1      | 0 ||| PLANNING D:1-11
    39 | D:1      | Found a faded altar of an unknown god.
   127 | D:1      | Reached XP level 2. HP: 16/16 MP: 4/4
   228 | D:1      | Reached skill level 6 in Ranged Weapons
   762 | D:1      | 762 ||| UPGRADING to +0 ring mail.
   772 | D:1      | 772 ||| DROPPING +0 leather armour.
   773 | D:1      | 773 ||| UPGRADING to amulet of reflection.
   778 | D:1      | 778 ||| UPGRADING to +6 ring of strength.
   779 | D:1      | 779 ||| READING scroll labelled VETAMAEMNE.
   780 | D:1      | 780 ||| READING scroll labelled KYKEUSOPYO.
   780 | D:1      | 780 ||| ENCHANTING +0 ring mail.
   781 | D:1      | 781 ||| READING scroll labelled CYELLUXUHAY.
   781 | D:1      | 781 ||| IDENTIFYING fuming inky potion
   782 | D:1      | 782 ||| DRINKING 2 red potions.
   783 | D:1      | 783 ||| DROPPING scroll of butterflies.
   831 | D:2      | Reached XP level 3. HP: 20/20 MP: 5/5
  1068 | D:2      | 1068 ||| READING scroll of enchant armour.
  1068 | D:2      | 1068 ||| ENCHANTING +1 ring mail.
  1083 | D:2      | Found Iqeklagu's Jewellery Boutique.
  1088 | D:2      | 1088 ||| SHOPLISTING +4 ring of protection (504 gold, have
                  | 145).
  1088 | D:2      | 1088 ||| SHOPLISTING ring of fire (350 gold, have 145).
  1088 | D:2      | 1088 ||| SHOPLISTING ring of positive energy (280 gold,
                  | have 145).
  1104 | D:2      | 1104 ||| READING scroll of enchant armour.
  1104 | D:2      | 1104 ||| ENCHANTING +2 ring mail.
  1172 | D:2      | 1172 ||| READING 2 scrolls of identify.
  1172 | D:2      | 1172 ||| IDENTIFYING fuming pink potion
  1173 | D:2      | 1173 ||| READING scroll of identify.
  1173 | D:2      | 1173 ||| IDENTIFYING lumpy amethyst potion
  1174 | D:2      | 1174 ||| READING scroll labelled DESUTU YTEXYS.
  1275 | D:2      | 1275 ||| DRINKING 2 metallic clear potions.
  1276 | D:2      | 1276 ||| DRINKING 2 fizzy white potions.
  1277 | D:2      | 1277 ||| DROPPING potion of brilliance.
  1278 | D:2      | 1278 ||| DROPPING potion of degeneration.
  1365 | D:3      | Reached skill level 7 in Ranged Weapons
  1394 | D:3      | Found a white marble altar of Elyvilon.
  1428 | D:3      | Found a radiant altar of Vehumet.
  1721 | D:3      | Reached XP level 4. HP: 25/25 MP: 6/6
  2003 | D:3      | 2003 ||| UPGRADING to +4 ring mail.
  2013 | D:3      | 2013 ||| DROPPING +3 ring mail.
  2014 | D:3      | 2014 ||| UPGRADING to amulet of faith.
  2024 | D:3      | 2024 ||| UPGRADING to ring of resist corrosion.
  2025 | D:3      | 2025 ||| READING scroll of identify.
  2025 | D:3      | 2025 ||| IDENTIFYING silvery potion
  2026 | D:3      | 2026 ||| READING scroll labelled ORILUL USIMIR.
  2026 | D:3      | 2026 ||| BRANDING +0 shortbow.
  2027 | D:3      | 2027 ||| READING 2 scrolls labelled QOTUUCYBIW.
  2032 | D:3      | 2032 ||| DRINKING 2 grey potions.
  2033 | D:3      | 2033 ||| DROPPING potion of invisibility.
  2184 | D:4      | Reached skill level 8 in Ranged Weapons
  2331 | D:4      | Reached XP level 5. HP: 29/29 MP: 7/7
  2437 | D:4      | 2437 ||| FLEEEEING.
  2438 | D:4      | 2438 ||| FLEEEEING.
  2439 | D:4      | 2439 ||| FLEEEEING.
  2440 | D:4      | 2440 ||| FLEEEEING.
  2441 | D:4      | 2441 ||| FLEEEEING.
  2465 | D:4      | Noticed Robin
  2472 | D:4      | Killed Robin
  2535 | D:4      | Reached skill level 9 in Ranged Weapons
  2676 | D:4      | Reached skill level 3 in Dodging
  2689 | D:4      | Noticed an ogre
  2690 | D:4      | 2690 ||| DRINKING potion of haste.
  2697 | D:4      | Killed an ogre
  2698 | D:4      | Reached XP level 6. HP: 36/36 MP: 8/8
  2827 | D:4      | 2827 ||| UPGRADING to +0 helmet.
  2832 | D:4      | 2832 ||| UPGRADING to +4 ring of slaying {mikee}.
  2834 | D:4      | 2834 ||| UPGRADING to +6 ring of strength.
  2836 | D:4      | 2836 ||| DROPPING ring of resist corrosion.
  2837 | D:4      | 2837 ||| READING scroll labelled ETWES WORIG.
  2838 | D:4      | 2838 ||| READING scroll labelled OGGYMIFRAZI.
  2922 | D:5      | Entered Level 5 of the Dungeon
  3075 | D:5      | Reached skill level 10 in Ranged Weapons
  3281 | D:5      | Reached skill level 1 in Armour
  3418 | D:5      | Reached XP level 7. HP: 38/40 MP: 9/9
  3716 | D:5      | Reached skill level 11 in Ranged Weapons
  4017 | D:5      | 4017 ||| UPGRADING to +0 pair of gloves.
  4022 | D:5      | 4022 ||| READING scroll labelled PEIGAD DEDD.
  4022 | D:5      | 4022 ||| ENCHANTING +0 shortbow of draining.
  4054 | D:6      | Reached XP level 8. HP: 45/45 MP: 10/10
  4056 | D:6      | 4056 ||| RETREEEEATING.
  4057 | D:6      | 4057 ||| RETREEEEATING.
  4062 | D:6      | Reached skill level 12 in Ranged Weapons
  4085 | D:6      | Reached skill level 3 in Fighting
  4232 | D:6      | 4232 ||| FLEEEEING.
  4235 | D:6      | 4235 ||| FLEEEEING.
  4236 | D:6      | 4236 ||| FLEEEEING.
  4237 | D:6      | 4237 ||| FLEEEEING.
  4238 | D:6      | 4238 ||| FLEEEEING.
  4239 | D:6      | 4239 ||| FLEEEEING.
  4240 | D:6      | 4240 ||| FLEEEEING.
  4241 | D:6      | 4241 ||| FLEEEEING.
  4242 | D:6      | 4242 ||| FLEEEEING.
  4249 | D:6      | Reached skill level 13 in Ranged Weapons
  4377 | D:6      | Found an ornate altar of the Wu Jian Council.
  4381 | D:6      | Found a shimmering altar of Xom.
  4385 | D:6      | Found an opulent altar of Gozag.
  4428 | D:6      | Found Atzecud's General Store.
  4441 | D:6      | 4441 ||| BUYING scroll of identify (24 gold).
  4441 | D:6      | Bought a scroll of identify for 24 gold pieces
  4540 | D:6      | Found a staircase to the Ecumenical Temple.
  4541 | D:6      | 4541 ||| PLANNING TEMPLE
  4541 | D:6      | 4541 ||| READING scroll of identify.
  4541 | D:6      | 4541 ||| IDENTIFYING lumpy inky potion
  4546 | Temple   | Entered the Ecumenical Temple
  4547 | Temple   | 4547 ||| PLANNING D:1-11
  4628 | D:6      | Reached skill level 14 in Ranged Weapons
  4805 | D:6      | 4805 ||| READING scroll labelled USUTIRPH MOXY.
  4807 | D:6      | 4807 ||| Stepping ~*~*~tactically~*~*~ (cloud).
  4991 | D:7      | Reached XP level 9. HP: 51/51 MP: 11/11
  5024 | D:7      | Reached skill level 6 in Dodging
  5135 | D:7      | 5135 ||| RETREEEEATING.
  5178 | D:7      | 5178 ||| FLEEEEING.
  5179 | D:7      | 5179 ||| FLEEEEING.
  5180 | D:7      | 5180 ||| FLEEEEING.
  5181 | D:7      | 5181 ||| FLEEEEING.
  5182 | D:7      | 5182 ||| FLEEEEING.
  5183 | D:7      | 5183 ||| FLEEEEING.
  5184 | D:7      | 5184 ||| FLEEEEING.
  5185 | D:7      | 5185 ||| FLEEEEING.
  5186 | D:7      | 5186 ||| FLEEEEING.
  5187 | D:7      | 5187 ||| FLEEEEING.
  5188 | D:7      | 5188 ||| FLEEEEING.
  5189 | D:7      | 5189 ||| FLEEEEING.
  5190 | D:7      | 5190 ||| FLEEEEING.
  5191 | D:7      | 5191 ||| FLEEEEING.
  5192 | D:7      | 5192 ||| FLEEEEING.
  5193 | D:7      | 5193 ||| FLEEEEING.
  5194 | D:7      | 5194 ||| FLEEEEING.
  5195 | D:7      | 5195 ||| FLEEEEING.
  5196 | D:7      | 5196 ||| FLEEEEING.
  5201 | D:7      | 5201 ||| FLEEEEING.
  5202 | D:7      | 5202 ||| FLEEEEING.
  5548 | D:7      | Found a hazy altar of Hepliaklqana.
  5615 | D:7      | Found a basalt altar of Yredelemnul.
  5705 | D:7      | 5705 ||| READING 2 scrolls labelled DEVAUD LOVENI.
  5706 | D:7      | 5706 ||| DROPPING scroll of fog.
  5723 | D:8      | Reached skill level 9 in Dodging
  5762 | D:8      | Identified the ring of Moshram {Fire rPois MP-9 Str+3}
  5804 | D:8      | Reached XP level 10. HP: 60/60 MP: 12/12
  5828 | D:8      | Reached skill level 6 in Fighting
  5923 | D:8      | Identified the ring "Ceawnuyr" {Will++ rCorr Str+2}
  6064 | D:8      | Noticed Amaemon
  6076 | D:8      | Killed Amaemon
  6113 | D:8      | Noticed an orange demon
  6122 | D:8      | Killed an orange demon
  6123 | D:8      | Reached skill level 3 in Armour
  6263 | D:8      | 6263 ||| UPGRADING to ring of Moshram {Fire rPois MP-9
                  | Str+3}.
  6265 | D:8      | 6265 ||| UPGRADING to ring "Ceawnuyr" {Will++ rCorr Str+2}.
  6336 | D:8      | 6336 ||| UPGRADING to +4 ring of slaying {mikee}.
  6338 | D:8      | 6338 ||| UPGRADING to ring of Moshram {Fire rPois MP-9
                  | Str+3}.
  6340 | D:8      | 6340 ||| READING scroll of identify.
  6340 | D:8      | 6340 ||| IDENTIFYING yellow potion
  6341 | D:8      | 6341 ||| READING scroll labelled MOZESO IFEPSE.
  6342 | D:8      | 6342 ||| DROPPING potion of ambrosia.
  6361 | D:9      | Found Boinud's Book Boutique.
  6514 | D:9      | Found Ukit's Distillery.
  6521 | D:9      | 6521 ||| BUYING potion of curing (51 gold).
  6521 | D:9      | Bought a potion of curing for 51 gold pieces
  6521 | D:9      | 6521 ||| BUYING potion of curing (51 gold).
  6521 | D:9      | Bought a potion of curing for 51 gold pieces
  6521 | D:9      | 6521 ||| BUYING potion of curing (51 gold).
  6521 | D:9      | Bought a potion of curing for 51 gold pieces
  6521 | D:9      | 6521 ||| BUYING potion of curing (51 gold).
  6521 | D:9      | Bought a potion of curing for 51 gold pieces
  6521 | D:9      | 6521 ||| BUYING potion of mutation (136 gold).
  6521 | D:9      | Bought a potion of mutation for 136 gold pieces
  6634 | D:9      | 6634 ||| RETREEEEATING.
  6635 | D:9      | 6635 ||| RETREEEEATING.
  6636 | D:9      | 6636 ||| RETREEEEATING.
  6637 | D:9      | 6637 ||| RETREEEEATING.
  6638 | D:9      | 6638 ||| RETREEEEATING.
  6639 | D:9      | 6639 ||| RETREEEEATING.
  6640 | D:9      | 6640 ||| RETREEEEATING.
  6733 | D:9      | Found a snail-covered altar of Cheibriados.
  6748 | D:9      | 6748 ||| RETREEEEATING.
  6786 | D:9      | Found Asmolas's Antique Armour Boutique.
  6800 | D:9      | 6800 ||| SHOPLISTING +3 salamander hide armour {Flames,
                  | rFlCloud rF++ rC--} (724 gold, have 146).
  6800 | D:9      | 6800 ||| SHOPLISTING glowing ring mail (147 gold, have
                  | 146).
  6800 | D:9      | 6800 ||| SHOPLISTING shiny ring mail (147 gold, have 146).
  6800 | D:9      | 6800 ||| SHOPLISTING shiny scale mail (147 gold, have 146).
  6931 | D:9      | Found Fominna's Antique Armour Emporium.
  7077 | D:9      | Noticed an orc sorcerer
  7082 | D:9      | Killed an orc sorcerer
  7217 | D:9      | 7217 ||| UPGRADING to +0 cloak.
  7222 | D:9      | 7222 ||| READING 2 scrolls of identify.
  7222 | D:9      | 7222 ||| IDENTIFYING glowing ruby potion
  7223 | D:9      | 7223 ||| READING scroll of identify.
  7223 | D:9      | 7223 ||| IDENTIFYING scroll labelled QOAMPARR SOGOO
  7224 | D:9      | 7224 ||| READING 3 scrolls labelled GANLEPL ONUE.
  7325 | D:9      | 7325 ||| DROPPING potion of lignification.
  7326 | D:9      | 7326 ||| DROPPING scroll of revelation.
  7327 | D:9      | 7327 ||| DROPPING 2 scrolls of silence.
  7356 | D:10     | Entered Level 10 of the Dungeon
  7357 | D:10     | Noticed a gargoyle
  7359 | D:10     | 7359 ||| ZAPPING wand of acid (14) at -1,-5 (gargoyle;
                  | floor).
  7360 | D:10     | 7360 ||| ZAPPING wand of acid (13) at 0,-4 (gargoyle;
                  | floor).
  7361 | D:10     | 7361 ||| ZAPPING wand of acid (12) at 0,-3 (gargoyle;
                  | floor).
  7362 | D:10     | 7362 ||| ZAPPING wand of acid (11) at 0,-3 (gargoyle;
                  | floor).
  7362 | D:10     | Killed a gargoyle
  7574 | D:10     | 7574 ||| RETREEEEATING.
  7575 | D:10     | 7575 ||| RETREEEEATING.
  7576 | D:10     | 7576 ||| RETREEEEATING.
  7577 | D:10     | 7577 ||| RETREEEEATING.
  7579 | D:10     | 7579 ||| RETREEEEATING.
  7580 | D:10     | 7580 ||| RETREEEEATING.
  7582 | D:10     | 7582 ||| RETREEEEATING.
  7586 | D:10     | 7586 ||| RETREEEEATING.
  7588 | D:10     | 7588 ||| RETREEEEATING.
  7589 | D:10     | 7589 ||| RETREEEEATING.
  7590 | D:10     | 7590 ||| RETREEEEATING.
  7591 | D:10     | 7591 ||| RETREEEEATING.
  7592 | D:10     | 7592 ||| RETREEEEATING.
  7593 | D:10     | 7593 ||| RETREEEEATING.
  7594 | D:10     | 7594 ||| RETREEEEATING.
  7595 | D:10     | 7595 ||| RETREEEEATING.
  7596 | D:10     | 7596 ||| RETREEEEATING.
  7733 | D:10     | Noticed an oklob plant
  7734 | D:10     | 7734 ||| ZAPPING wand of paralysis (5) at -5,-7 (oklob
                  | plant; floor).
  7734 | D:10     | Noticed Lodul
  7735 | D:10     | 7735 ||| RETREEEEATING.
  7736 | D:10     | 7736 ||| RETREEEEATING.
  7737 | D:10     | 7737 ||| ZAPPING wand of acid (10) at -3,-5 (oklob plant;
                  | floor).
  7738 | D:10     | 7738 ||| ZAPPING wand of acid (9) at -3,-5 (oklob plant;
                  | floor).
  7739 | D:10     | 7739 ||| READING 6 scrolls of teleportation.
  7740 | D:10     | 7740 ||| ZAPPING wand of acid (8) at -2,-4 (Lodul; floor).
  7741 | D:10     | 7741 ||| ZAPPING wand of acid (7) at -2,-3 (Lodul; floor).
  7742 | D:10     | 7742 ||| ZAPPING wand of acid (6) at -1,-2 (Lodul; floor).
  7743 | D:10     | 7743 ||| ZAPPING wand of acid (5) at -2,-1 (Lodul; floor).
  7774 | D:10     | Killed Lodul
  7775 | D:10     | Reached XP level 11. HP: 48/68 MP: 4/13
  7779 | D:10     | 7779 ||| FLEEEEING.
  7780 | D:10     | 7780 ||| FLEEEEING.
  7783 | D:10     | 7783 ||| FLEEEEING.
  7784 | D:10     | 7784 ||| FLEEEEING.
  7785 | D:10     | 7785 ||| FLEEEEING.
  7786 | D:10     | 7786 ||| FLEEEEING.
  7787 | D:10     | 7787 ||| FLEEEEING.
  7788 | D:10     | 7788 ||| FLEEEEING.
  7789 | D:10     | 7789 ||| FLEEEEING.
  7790 | D:10     | 7790 ||| FLEEEEING.
  7791 | D:10     | 7791 ||| FLEEEEING.
  7792 | D:10     | 7792 ||| FLEEEEING.
  7793 | D:10     | 7793 ||| FLEEEEING.
  7794 | D:10     | 7794 ||| FLEEEEING.
  7795 | D:10     | 7795 ||| FLEEEEING.
  7801 | D:10     | 7801 ||| FLEEEEING.
  7807 | D:10     | 7807 ||| FLEEEEING.
  7844 | D:10     | 7844 ||| ZAPPING wand of paralysis (4) at -5,-7 (oklob
                  | plant; floor).
  7851 | D:10     | Killed an oklob plant
  7871 | D:10     | Found an iron altar of Okawaru.
  7872 | D:10     | 7872 ||| PLANNING OKAWARU WORSHIP
  7876 | D:10     | Became a worshipper of Warmaster Okawaru
  7877 | D:10     | 7877 ||| PLANNING D:1-11
  7926 | D:10     | Found a staircase to the Lair.
  7964 | D:10     | 7964 ||| FLEEEEING.
  7966 | D:10     | 7966 ||| FLEEEEING.
  7968 | D:10     | 7968 ||| FLEEEEING.
  8027 | D:9      | 8027 ||| PLANNING LAIR
  8050 | D:10     | 8050 ||| FLEEEEING.
  8109 | Lair:1   | Entered Level 1 of the Lair of Beasts
  8119 | Lair:1   | 8119 ||| RETREEEEATING.
  8121 | Lair:1   | 8121 ||| RETREEEEATING.
  8125 | Lair:1   | 8125 ||| RETREEEEATING.
  8126 | Lair:1   | 8126 ||| RETREEEEATING.
  8129 | Lair:1   | Reached skill level 12 in Dodging
  8195 | Lair:1   | Reached * piety under Okawaru
  8366 | Lair:1   | 8366 ||| RETREEEEATING.
  8367 | Lair:1   | 8367 ||| RETREEEEATING.
  8370 | Lair:1   | Reached skill level 1 in Invocations
  8373 | Lair:1   | 8373 ||| RETREEEEATING.
  8374 | Lair:1   | 8374 ||| RETREEEEATING.
  8375 | Lair:1   | 8375 ||| RETREEEEATING.
  8376 | Lair:1   | 8376 ||| RETREEEEATING.
  8377 | Lair:1   | 8377 ||| RETREEEEATING.
  8378 | Lair:1   | 8378 ||| RETREEEEATING.
  8379 | Lair:1   | 8379 ||| RETREEEEATING.
  8380 | Lair:1   | 8380 ||| RETREEEEATING.
  8381 | Lair:1   | 8381 ||| RETREEEEATING.
  8382 | Lair:1   | 8382 ||| RETREEEEATING.
  8387 | Lair:1   | 8387 ||| RETREEEEATING.
  8388 | Lair:1   | 8388 ||| RETREEEEATING.
  8389 | Lair:1   | 8389 ||| RETREEEEATING.
  8390 | Lair:1   | 8390 ||| RETREEEEATING.
  8391 | Lair:1   | 8391 ||| RETREEEEATING.
  8392 | Lair:1   | 8392 ||| RETREEEEATING.
  8393 | Lair:1   | 8393 ||| RETREEEEATING.
  8394 | Lair:1   | 8394 ||| RETREEEEATING.
  8395 | Lair:1   | 8395 ||| RETREEEEATING.
  8396 | Lair:1   | 8396 ||| RETREEEEATING.
  8397 | Lair:1   | 8397 ||| RETREEEEATING.
  8398 | Lair:1   | 8398 ||| INVOKING Heroism.
  8403 | Lair:1   | 8403 ||| RETREEEEATING.
  8404 | Lair:1   | 8404 ||| RETREEEEATING.
  8405 | Lair:1   | 8405 ||| RETREEEEATING.
  8406 | Lair:1   | 8406 ||| RETREEEEATING.
  8407 | Lair:1   | 8407 ||| RETREEEEATING.
  8408 | Lair:1   | 8408 ||| RETREEEEATING.
  8409 | Lair:1   | 8409 ||| RETREEEEATING.
  8410 | Lair:1   | 8410 ||| RETREEEEATING.
  8411 | Lair:1   | 8411 ||| RETREEEEATING.
  8412 | Lair:1   | 8412 ||| RETREEEEATING.
  8413 | Lair:1   | 8413 ||| RETREEEEATING.
  8414 | Lair:1   | 8414 ||| RETREEEEATING.
  8415 | Lair:1   | 8415 ||| RETREEEEATING.
  8416 | Lair:1   | 8416 ||| RETREEEEATING.
  8417 | Lair:1   | 8417 ||| INVOKING Heroism.
  8435 | Lair:1   | 8435 ||| INVOKING Heroism.
  8446 | Lair:1   | Reached skill level 9 in Fighting
  8453 | Lair:1   | Reached skill level 3 in Invocations
  8538 | Lair:1   | Reached ** piety under Okawaru
  8974 | Lair:1   | 8974 ||| RETREEEEATING.
  8978 | Lair:1   | 8978 ||| RETREEEEATING.
  9150 | Lair:1   | 9150 ||| READING scroll of enchant armour.
  9150 | Lair:1   | 9150 ||| ENCHANTING +0 pair of gloves.
  9368 | Lair:2   | 9368 ||| RETREEEEATING.
  9370 | Lair:2   | 9370 ||| RETREEEEATING.
  9373 | Lair:2   | 9373 ||| RETREEEEATING.
  9374 | Lair:2   | 9374 ||| RETREEEEATING.
  9400 | Lair:2   | Reached *** piety under Okawaru
  9485 | Lair:2   | Noticed a four-headed hydra
  9486 | Lair:2   | 9486 ||| INVOKING Heroism.
  9498 | Lair:2   | Killed a four-headed hydra
  9520 | Lair:2   | Reached XP level 12. HP: 76/76 MP: 8/17
  9602 | Lair:2   | Killed from afar by a bog body

Levels and vault maps discovered:
D:1:      dpeg_arrival_line_fractal, layout_basic,
          chequers_ecumenical_altar_simple
D:2:      layout_rooms, serial_shops, nicolae_shop_behind_doors
D:3:      layout_basic, nicolae_elyvilon_peaceful_grove,
          mainiacjoe_overflow_24_doors, minmay_rat_hole
D:4:      layout_loops_corners, uniq_robin
D:5:      layout_basic
D:6:      layout_rooms, grunt_temple_overflow_diamond,
          minmay_temple_entry_glassed_door, serial_shops, shop,
          serial_bayou_pond_b
D:7:      layout_basic, lemuel_mausoleum_altar_yredelemnul,
          nzn_hepliaklqana_mist_gate, chequers_garden
D:8:      layout_rooms, dreamdust_gnoll_shepherd, uniq_amaemon
D:9:      layout_basic, kennysheep_mini, serial_shops, shop,
          nicolae_stop_n_shop_2, nicolae_shop_trees, nicolae_take_the_stairs,
          minmay_librarian
D:10:     layout_stronghold, old_standard_altar,
          hellmonk_okawaru_the_only_friend_you_need, dpeg_oklobed_lair,
          hangedman_minor_magic, uniq_lodul
Temple:   chequers_temple_sunken
Lair:1:   layout_concentric_octagons, minmay_hedge_maze, beast_lair_carwin_7
Lair:2:   layout_hall_layers, nicolae_swamp_entry_splash_gauntlet,
          nicolae_snake_entry_warm_welcome, serial_bayou_shore_a, uniq_sonja,
          uniq_nergalle

Skill      XL: |  1  2  3  4  5  6  7  8  9 10 11 |
---------------+----------------------------------+-----
Ranged Weapons | 6 7 8 9 10 11 14 | 14.0
Dodging        | 3 4 5 9 11 13 | 13.4
Fighting       | 2 3 5 7 9 |  9.0
Armour         | 1 2 4 5 |  5.0
Invocations    | 4 |  4.1
Stealth        | |  1.2

Action                     |  1- 3 |  4- 6 |  7- 9 | 10-12 || total
---------------------------+-------+-------+-------+-------++-------
   Fire: Shortbow          |   145 |   124 |   295 |   508 ||  1072
 Invoke: Heroism           |       |       |       |     4 ||     4
  Evoke: Wand              |       |       |       |    12 ||    12
    Use: Scroll            |     8 |     5 |     4 |     7 ||    24
         Potion            |     3 |     2 |       |       ||     5
 Armour: Leather armour    |    10 |       |       |       ||    10
         Ring mail         |     9 |    38 |    61 |   126 ||   234
  Dodge: Dodged            |    17 |    37 |    62 |   290 ||   406
  Block: Other             |     4 |     9 |       |       ||    13

Table legend:
 A = Non-vault XP
 B = Vault XP
 C = Vault XP percentage of total XP
 D = Non-vault monster count
 E = Vault monster count
 F = Vault count percentage of total count
                 A         B        C        D         E       F
            +---------+---------+-------+---------+---------+-------
      Total |   15388 |    6633 |  30.1 |     199 |      69 |  25.7
            +---------+---------+-------+---------+---------+-------
        D:1 |      40 |       0 |   0.0 |      22 |       0 |   0.0
        D:2 |      18 |       0 |   0.0 |      10 |       0 |   0.0
        D:3 |      34 |      20 |  37.0 |      12 |      19 |  61.3
        D:4 |     304 |      36 |  10.6 |      11 |      12 |  52.2
        D:5 |     837 |       0 |   0.0 |      15 |       0 |   0.0
        D:6 |    1004 |     405 |  28.7 |      23 |       5 |  17.9
        D:7 |    1353 |     767 |  36.2 |      25 |      12 |  32.4
        D:8 |     865 |    1593 |  64.8 |       9 |       5 |  35.7
        D:9 |     858 |     576 |  40.2 |      14 |       1 |   6.7
       D:10 |    2246 |    2090 |  48.2 |      26 |       9 |  25.7
     Lair:1 |    5380 |    1146 |  17.6 |      24 |       6 |  20.0
     Lair:2 |    2449 |       0 |   0.0 |       8 |       0 |   0.0
            +---------+---------+-------+---------+---------+-------
